 Dungeon Crawl Stone Soup version 0.29-a0-1047-g7c58e119a4 (webtiles) character file.

Game seed: 17738864553766387264

310 SensoryNuts the Poker (level 6, 0/54 HPs)
             Began as a Troll Fighter on Aug 16, 2022.
             Slain by a small abomination (20 damage)
             ... on level 3 of the Dungeon.
             The game lasted 00:02:56 (2746 turns).

SensoryNuts the Poker (Troll Fighter)               Turns: 2746, Time: 00:02:57

Health: 0/54       AC:  4    Str: 27    XL:     6   Next: 17%
Magic:  5/5        EV:  9    Int:  4    God:
Gold:   123        SH:  8    Dex:  9    Spells: 5/5 levels left

rFire   . . .      SeeInvis .   a - +1 trident
rCold   . . .      Faith    .   c - +1 kite shield
rNeg    . . .      Spirit   .   b - +0 robe
rPois   .          Reflect  .   (helmet restricted)
rElec   .          Harm     .   (no cloak)
rCorr   .          Rampage  .   (gloves unavailable)
Will    .....                   (boots unavailable)
Stlth   +.........              (no amulet)
HPRegen 0.98/turn               (no ring)
MPRegen 0.09/turn               (no ring)

@: no status effects
A: large, unfitting armour, claws 3, regeneration 1, shaggy fur 1, tough skin 1,
frail 1
a: no special abilities


You were on level 3 of the Dungeon.
You visited 1 branch of the dungeon, and saw 3 of its levels.

You collected 123 gold pieces.

Inventory:

Hand Weapons
 a - a +1 trident (weapon)
Missiles
 j - a throwing net (quivered)
Armour
 b - a +0 robe (worn)
 c - a +1 kite shield (worn)
 i - a +0 helmet
Scrolls
 h - 3 scrolls of enchant armour
Potions
 d - a potion of magic {unknown}
 e - 2 potions of invisibility {unknown}
 l - a potion of lignification
 m - a potion of curing


   Skills:
 + Level 3.1 Fighting
 + Level 3.8 Polearms
 + Level 3.3 Dodging
 + Level 0.2 Stealth
 + Level 3.6 Shields


You had 5 spell levels left.
You didn't know any spells.
Your spell library contained the following spells:

 Spells                   Type           Power      Damage    Failure   Level
 Sandblast                Erth           0%         2d4       80%         1
 Passwall                 Tmut/Erth      0%         N/A       90%         2
 Stone Arrow              Conj/Erth      0%         3d7       99%         3
 Fulminant Prism          Conj/Hex       0%         3d6       100%        4
 Iskenderun's Mystic Bla  Conj/Tloc      0%         2d3       100%        4
 Lee's Rapid Deconstruct  Erth           0%         3d5*      100%        5


Dungeon Overview and Level Annotations

Branches:
Dungeon (3/15)

Altars:

Shops:
D:1 [   D:3 :

Portals:
Abyss: D:3

Annotations:
D:3 1 transporter, greenreed's ghost, weakling DEAM


Innate Abilities, Weirdness & Mutations

You are too large for most types of armour.
You have claws for hands.
Your natural rate of healing is unusually fast.
You are covered in fur. (AC +1)
You have tough skin. (AC +1)
You are frail. (-10% HP)


Message History

You barely miss the endoplasm. The endoplasm closely misses you.
You puncture the endoplasm!
You kill the endoplasm!
No target in view!
No target in view!
No target in view!
No target in view!
No target in view!
No target in view!
No target in view!
No target in view!
No target in view!
No target in view!
No target in view!
e - 2 fizzy purple potions
Found a whip.
Found a stone staircase leading up.
Found a robe.
You see here a +0 hand axe.
Greenreed's ghost turns its malevolent gaze towards you.
You hear a shout!
You hear a chilling moan.
You see here a +0 hand axe.
Key pressed, stopping explore.
There is a transporter landing site here.
Partly explored, unvisited transporter.
Partly explored, unvisited transporter.
Partly explored, unvisited transporter.
Partly explored, unvisited transporter.
Partly explored, unvisited transporter.
There is a transporter here.
You enter the transporter and appear at another place.
You hit the small abomination but do no damage.
The small abomination closely misses you.
You puncture the small abomination!
The small abomination is moderately damaged.
The small abomination hits you. The small abomination hits you!
You hit the small abomination.
The small abomination is heavily damaged.
The small abomination hits you! The small abomination hits you!!
You die...

.................................
.............###.......####....##
.#####.##...##©###...###..#....#
.#####.##...#.#..#..##...##....#
......#.....##.#.####....#.....#
.#####.##....##........^.##...##
.# #..##....##..#.##. #5##..#
.######'#......#x#.Kx. #.W#..#
......'∩'....###@# ###....##..#
#######'#.[.##.x.###.##.# #...#
...# #.....##..##....# .##...#
##.# ###...#..##...###.# ##..#
##.# #...##.##.)##..###.#..# ##.#
#....#..#..#..#.$.##..# ##.#
#....#.##..##..####...# ##.#
#....###....####©.....# >..#
##(...©......##.......###


You could see 2 small abominations.

Vanquished Creatures
  Grinder (D:3)
  Jessica (D:2)
  3 adders
  2 worms
  5 ball pythons
  6 bats (D:1)
  8 endoplasms
  A giant cockroach (D:1)
  6 hobgoblins
  7 jackals
  A quokka (D:3)
  3 frilled lizards (D:1)
  3 goblins
  6 kobolds
  12 rats
65 creatures vanquished.

Vanquished Creatures (others)
  A plant (D:2)
1 creature vanquished.

Grand Total: 66 creatures vanquished

Notes
Turn   | Place    | Note
-------+----------+-------------------------------------------
     0 | D:1      | SensoryNuts the Troll Fighter began the quest for the Orb.
     0 | D:1      | Reached XP level 1. HP: 22/22 MP: 0/0
    97 | D:1      | Found a faded altar of an unknown god.
   147 | D:1      | Reached XP level 2. HP: 29/29 MP: 1/1
   540 | D:1      | Found Inigum's Armour Shoppe.
   670 | D:1      | Reached XP level 3. HP: 36/36 MP: 2/2
   915 | D:1      | Gained mutation: You are frail. (-10% HP) [potion of
                  | mutation]
  1104 | D:2      | Noticed Jessica
  1113 | D:2      | Killed Jessica
  1114 | D:2      | Reached XP level 4. HP: 36/39 MP: 3/3
  2156 | D:3      | Found a transporter.
  2206 | D:3      | Found Ledej's Book Shoppe.
  2216 | D:3      | Found a transporter.
  2274 | D:3      | Noticed Grinder
  2277 | D:3      | Paralysed by Grinder for 2 turns
  2282 | D:3      | Killed Grinder
  2283 | D:3      | Reached XP level 5. HP: 42/47 MP: 4/4
  2283 | D:3      | Reached XP level 6. HP: 48/54 MP: 5/5
  2462 | D:3      | Noticed a small abomination
  2463 | D:3      | Found a one-way gate to the infinite horrors of the Abyss.
  2478 | D:3      | Noticed greenreed's ghost (weakling DEAM)
  2746 | D:3      | Slain by a small abomination

Illustrated notes

Levels and vault maps discovered:
D:1:      dpeg_arrival_chambers_temple_mockup, layout_basic,
          ebering_ecumenical_altar_sacrificial, serial_shops,
          nicolae_square_shop, minmay_tetromino_o2
D:2:      layout_loops_corners, chequers_big_river, minmay_rat_gold_closets,
          uniq_jessica
D:3:      layout_loops_ring, serial_shops, nicolae_shop_behind_doors,
          gammafunk_ghost_abyssal_escape, columned_hall_lemuel, uniq_grinder

Skill      XL: |  1  2  3  4 |
---------------+-------------+-----
Shields        | 3 |  3.6
Polearms       | 2 3 |  3.8
Dodging        | 3 |  3.3
Fighting       | 3 |  3.1
Stealth        | |  0.2

Action                   |  1- 3 |  4- 6 || total
-------------------------+-------+-------++-------
Melee: Trident           |   141 |   100 ||   241
  Use: Scroll            |     3 |     5 ||     8
       Potion            |     2 |     2 ||     4
 Stab: Sleeping          |       |     3 ||     3
Armor: Robe              |    71 |    22 ||    93
Dodge: Dodged            |    55 |    21 ||    76
Block: Kite shield       |    48 |    35 ||    83

Table legend: (Time is in decaauts)
 A = Elapsed time spent in this place.
 B = Non-inter-level travel time spent in this place.
 C = Inter-level travel time spent in this place.
 D = Time resting spent in this place.
 E = Time spent auto-exploring this place.
 F = Levels seen in this place.
 G = Mean time per level.
                   A        B        C        D        E       F      G
               +--------+--------+--------+--------+--------+-----+--------+
         Total |   2834 |   2798 |     36 |    100 |   2060 |   3 |  944.7 |
       Dungeon |   2834 |   2798 |     36 |    100 |   2060 |   3 |  944.7 |
               +--------+--------+--------+--------+--------+-----+--------+

Top non-repeatable levels by time:
     D:2: 1158 daAuts
     D:1: 985 daAuts
     D:3: 690 daAuts
